 Dungeon Crawl Stone Soup version 0.28.0-47-ge53b351184 (webtiles) character file.

Game seed: 14491145652809996698

2765 GigaChad the Carver (level 9, -13/78 HPs)
             Began as a Minotaur Fighter on May 9, 2022.
             Was an Initiate of Ashenzari.
             Killed from afar by an oklob plant (25 damage)
             ... with a splash of acid
             ... created by the enmity of Fedhas Madash
             ... in a bailey.
             The game lasted 00:22:32 (8214 turns).

GigaChad the Carver (Minotaur Fighter)              Turns: 8214, Time: 00:22:32

Health: -13/78     AC:  8    Str: 20    XL:     9   Next: 42%
Magic:  8/8        EV:  9    Int:  5    God:    Ashenzari [......]
Gold:   296        SH:  5    Dex: 15    Spells: 8/8 levels left

rFire   + . .      SeeInvis .   a - +3 long sword "Share My Sybil" {spect, Bglg, Comp} (curse)
rCold   . . .      Faith    .   c - +0 buckler
rNeg    . . .      Spirit   .   B - +2 chain mail {rF+}
rPois   .          Reflect  .   (helmet restricted)
rElec   .          Harm     .   C - +2 cloak
rCorr   .          Rampage  .   (no gloves)
Will    .....                   (no boots)
Stlth   ..........              (no amulet)
HPRegen 0.23/turn               e - +4 ring of slaying
MPRegen 0.11/turn               M - ring of flight

@: corroded, flying
A: horns 2, retaliatory headbutt
a: Renounce Religion, Shatter the Chains


You were in a bailey.
You worshipped Ashenzari.
Ashenzari was noncommittal.
You visited 2 branches of the dungeon, and saw 8 of its levels.
You also visited: Bailey.

You collected 296 gold pieces.

Inventory:

Hand Weapons
 a - the cursed +3 long sword "Share My Sybil" (weapon) {spect, Bglg, Comp} When its wielder attacks, the weapon's spirit leaps out and strikes again. The spirit shares a part of any damage it takes with its wielder. It has a curse which improves the following skills: Beguiling: Conjurations, Hexes and Translocations. Companions: Summonings and Necromancy.
 j - the +9 hunting sling "Jarchoem" {venom, Drain rF+ rCorr}
   (You found it on level 2 of the Dungeon)

   Any ammunition fired from it poisons the flesh of those it strikes.
   rF:        It protects you from fire.
   rCorr:     It protects you from acid and corrosion.
   Drain:     It drains your maximum health when unequipped.
 l - a +0 falchion
 p - a +0 great sword
 s - a +4 club
 u - a +0 dagger of pain
 v - a +1 dagger of protection
 w - a +0 scythe
 y - a +1 dagger of freezing
Missiles
 L - 10 poisoned darts (quivered)
Armour
 b - a +0 scale mail
 c - a +0 buckler (worn)
 B - a +2 chain mail of fire resistance (worn)
 C - a +2 cloak (worn)
Magical Staves
 i - a staff of conjuration
 A - a staff of cold
Jewellery
 e - a +4 ring of slaying (left hand)
 M - a ring of flight (right hand)
Wands
 o - a wand of polymorph (12)
 F - a wand of paralysis (8)
 I - a wand of iceblast (3)
Scrolls
 g - a scroll of blinking
 h - a scroll of noise
 m - a scroll of amnesia
 n - 2 scrolls of teleportation
 t - a scroll of vulnerability
 D - a scroll of fog {unknown}
 E - a scroll of immolation
 H - a scroll of torment {unknown}
 K - a scroll of magic mapping {unknown}
Potions
 d - 2 potions of might
 f - a potion of berserk rage {unknown}
 k - 2 potions of magic {unknown}
 q - a potion of lignification {unknown}
 r - a potion of attraction {unknown}
 x - a potion of curing {unknown}
 z - a potion of heal wounds {unknown}
 G - a potion of invisibility {unknown}
 J - a potion of degeneration {unknown}


   Skills:
 + Level 6.9 Fighting
 + Level 9.7 Long Blades
 + Level 9.5 Armour
 + Level 3.0 Dodging
 + Level 2.0 Stealth
 + Level 5.7 Shields


You had 8 spell levels left.
You didn't know any spells.
Your spell library contained the following spells:

 Spells                   Type           Power      Damage    Failure   Level
 Slow                     Hex            0%         N/A       99%         1
 Confusing Touch          Hex            0%         N/A       100%        3
 Ignite Poison            Fire/Tmut/Pois 0%         N/A       100%        3
 Mephitic Cloud           Conj/Pois/Air  0%         N/A       100%        3
 Vampiric Draining        Necr           0%         2d6       100%        3
 Freezing Cloud           Conj/Ice/Air   0%         6-21      100%        5


Dungeon Overview and Level Annotations

Branches:
Dungeon (7/15)             Temple (1/1) D:6          Bailey (1/1)

Altars:
Ashenzari
Cheibriados
Elyvilon
Fedhas
Gozag
Kikubaaqudgha
Makhleb
Okawaru
Ru
Sif Muna
Trog
Uskayaw
Vehumet
Xom
Yredelemnul
Zin

Shops:
D:7 !

Annotations:
Bailey exclusion: 4 oklob plants


Innate Abilities, Weirdness & Mutations

You have a pair of horns on your head.
You reflexively headbutt those who attack you in melee.


Message History

Your spectral weapon shares its damage with you!
Your +3 long sword "Share My Sybil" {spect, Bglg, Comp} fades away.
You slash the orc knight!
The orc knight is severely wounded.
Your +3 long sword "Share My Sybil" {spect, Bglg, Comp} hits the orc knight.
You closely miss the orc knight.
You headbutt the orc knight, but do no damage.
The orc knight is severely wounded.
Your +3 long sword "Share My Sybil" {spect, Bglg, Comp} hits the orc knight!
The orc knight closely misses your +3 long sword "Share My Sybil" {spect, Bglg, Comp}.
The orc knight hits you with a +0 war axe!
You slash the orc knight!
You kill the orc knight!
Your Dodging skill increases to level 3!
Your Stealth skill increases to level 2!
Things that are here:
a +0 war axe; a +0 scale mail
Okay, then.
You start resting.
You start resting.
HP restored.
You start waiting.
Plants grow around you in an ominous manner.
Marking area around 4 oklob plants as unsafe for travelling. 4 oklob plants come into view.
The oklob plant spits acid at you.
Fedhas protects a plant from harm.
The splash of acid hits you!! The oklob plant spits acid at you.
The splash of acid hits you! The acid corrodes you!
The oklob plant spits acid at you. The splash of acid hits you!!
* * * LOW HITPOINT WARNING * * *
The acid corrodes you! The oklob plant spits acid at you.
The splash of acid hits you.
* * * LOW HITPOINT WARNING * * *
The oklob plant spits acid at you. The splash of acid hits you!!
You die...

####PP'####
##≈P..P...≈##
#####≈≈..)P...P≈##
#.P..≈P.......≈≈..
#.###≈≈..P..P.≈≈##
#....≈≈.......≈≈..
#.###≈≈.......≈≈##
#....≈≈.......≈≈..
#.###≈≈.@P....≈≈###
#....≈≈.......≈≈..
#.###≈≈.......≈≈###
#....≈≈.......≈≈...
#####≈≈.......≈≈#
##≈.......≈##
####..(#### #.(.#
#...#


You could see 2 oklob plants.

Vanquished Creatures
  An orc knight (Bailey)
  An oklob plant (D:6)
  A wandering mushroom (D:6)
  Sigmund (D:4)
  A wyvern (D:4)
  An orc warrior (D:6)
  2 ice beasts (D:6)
  A black bear (D:5)
  2 sky beasts (D:5)
  3 ogres
  A phantom (D:5)
  A wyvern zombie (D:7)
  4 kobold brigands
  4 scorpions
  2 bullfrog zombies
  A jelly (D:5)
  2 orc priests (D:5)
  A hound (D:6)
  A centaur skeleton (D:4)
  2 orc wizards
  3 iguanas
  A howler monkey zombie (D:5)
  Robin (D:4)
  6 adders
  A shadow imp (D:4)
  An ufetubus (D:5)
  2 worms (D:2)
  3 dart slugs
  18 orcs
  10 ball pythons
  7 bats
  8 endoplasms
  3 giant cockroaches
  5 hobgoblins
  3 jackals (D:5)
  A quokka (D:1)
  2 frilled lizards
  16 goblins
  25 kobolds
  6 rats
155 creatures vanquished.

Vanquished Creatures (others)
  A plant (Temple)
1 creature vanquished.

Grand Total: 156 creatures vanquished

Notes
Turn   | Place    | Note
-------+----------+-------------------------------------------
     0 | D:1      | GigaChad the Minotaur Fighter began the quest for the Orb.
     0 | D:1      | Reached XP level 1. HP: 19/19 MP: 0/0
   242 | D:1      | Reached XP level 2. HP: 27/27 MP: 1/1
   274 | D:1      | Found Immegu's General Store.
   535 | D:2      | Reached XP level 3. HP: 31/33 MP: 2/2
   585 | D:2      | Identified the +9 hunting sling "Jarchoem" {venom, Drain
                  | rF+ rCorr}
   721 | D:2      | Found a faded altar of an unknown god.
   754 | D:2      | Prayed at the altar of an unknown god.
   754 | D:2      | Became a worshipper of Fedhas Madash
   754 | D:2      | Reached * piety under Fedhas
  1085 | D:3      | Reached XP level 4. HP: 40/40 MP: 3/3
  1410 | D:3      | Reached ** piety under Fedhas
  1916 | D:4      | Found a radiant altar of Vehumet.
  1998 | D:4      | Noticed Robin
  2004 | D:4      | Reached XP level 5. HP: 46/46 MP: 4/4
  2019 | D:4      | Killed Robin
  2054 | D:4      | Noticed Sigmund
  2072 | D:4      | Killed Sigmund
  2073 | D:4      | Reached skill level 5 in Long Blades
  2073 | D:4      | Reached skill level 5 in Armour
  2073 | D:4      | Reached skill level 1 in Dodging
  2073 | D:4      | Reached XP level 6. HP: 43/53 MP: 5/5
  2467 | D:4      | Noticed a wyvern
  2472 | D:4      | Killed a wyvern
  2826 | D:5      | Entered Level 5 of the Dungeon
  2856 | D:5      | Reached *** piety under Fedhas
  2857 | D:5      | Reached XP level 7. HP: 37/60 MP: 6/6
  3501 | D:5      | Reached skill level 5 in Fighting
  3654 | D:5      | Reached skill level 1 in Stealth
  3654 | D:5      | Reached XP level 8. HP: 49/68 MP: 7/7
  4023 | D:5      | Reached skill level 5 in Shields
  5234 | D:6      | Found a staircase to the Ecumenical Temple.
  5264 | Temple   | Entered the Ecumenical Temple
  5398 | Temple   | Fell from the grace of Fedhas
  5401 | Temple   | Became a worshipper of Ashenzari the Shackled
  5924 | D:6      | Noticed an oklob plant
  5924 | D:6      | Noticed a wandering mushroom
  5928 | D:6      | Reached XP level 9. HP: 77/77 MP: 8/8
  5954 | D:6      | Killed a wandering mushroom
  5975 | D:6      | Killed an oklob plant
  7307 | D:7      | Found Boadd's Distillery.
  7372 | D:7      | Found a flagged portal.
  7375 | D:7      | Identified the cursed +3 long sword "Share My Sybil"
                  | {spect, Bglg, Comp}
  7381 | D:7      | Identified the cursed +3 long sword "Share My Sybil"
                  | {spect, Bglg, Comp}
  7383 | D:7      | Identified the cursed +3 long sword "Share My Sybil"
                  | {spect, Bglg, Comp}
  7388 | Bailey   | Entered a bailey
  7414 | Bailey   | Identified the cursed +3 long sword "Share My Sybil"
                  | {spect, Bglg, Comp}
  7418 | Bailey   | Identified the cursed +3 long sword "Share My Sybil"
                  | {spect, Bglg, Comp}
  7421 | Bailey   | Identified the cursed +3 long sword "Share My Sybil"
                  | {spect, Bglg, Comp}
  7423 | Bailey   | Identified the cursed +3 long sword "Share My Sybil"
                  | {spect, Bglg, Comp}
  7428 | Bailey   | Identified the cursed +3 long sword "Share My Sybil"
                  | {spect, Bglg, Comp}
  8014 | Bailey   | Noticed an orc knight
  8019 | Bailey   | Identified the cursed +3 long sword "Share My Sybil"
                  | {spect, Bglg, Comp}
  8022 | Bailey   | Identified the cursed +3 long sword "Share My Sybil"
                  | {spect, Bglg, Comp}
  8024 | Bailey   | Killed an orc knight
  8208 | Bailey   | Noticed an oklob plant
  8208 | Bailey   | Noticed an oklob plant
  8208 | Bailey   | Noticed an oklob plant
  8208 | Bailey   | Noticed an oklob plant
  8214 | Bailey   | Killed from afar by an oklob plant

Illustrated notes

Levels and vault maps discovered:
D:1:      shiori_arrival_oz, layout_basic, serial_shops, shop_fountains
D:2:      layout_rooms, hellmonk_ecumenical_altar_run_dry
D:3:      layout_basic
D:4:      layout_loops_ring, mainiacjoe_overflow_catwalk, uniq_robin,
          uniq_sigmund
D:5:      layout_basic
D:6:      layout_cave_pods, minmay_temple_entry_arrows
D:7:      minmay_recursive_quarters, layout_cave_pods, serial_shops,
          shop_statue, enter_bailey_5, chequers_serial_rivers_small_a,
          uniq_crazy_yiuf_cottage, uniq_menkaure
Temple:   mainiacjoe_temple_circle_huts
Bailey:   bailey_axe_3, bailey

Skill      XL: |  1  2  3  4  5  6  7  8  9 |
---------------+----------------------------+-----
Armour         | 4 5 6 8 9 |  9.5
Shields        | 4 5 |  5.7
Fighting       | 4 5 6 |  6.9
Long Blades    | 3 4 5 6 7 9 |  9.7
Dodging        | 1 2 3 |  3.0
Stealth        | 1 2 |  2.0

Action                   |  1- 3 |  4- 6 |  7- 9 || total
-------------------------+-------+-------+-------++-------
Melee: Long sword        |    51 |    56 |   113 ||   220
       Headbutt          |     7 |    10 |    27 ||    44
Invok: Renounce Religion |       |       |     1 ||     1
       Curse Item        |       |       |     1 ||     1
Evoke: Wand              |       |       |     1 ||     1
  Use: Scroll            |       |     8 |     5 ||    13
 Stab: Distracted        |       |       |     2 ||     2
Armor: Scale mail        |    33 |    28 |     5 ||    66
       Chain mail        |       |       |    81 ||    81
Dodge: Dodged            |    54 |    29 |    65 ||   148
Block: Buckler           |    20 |    16 |    34 ||    70
